 Dungeon Crawl Stone Soup version 0.23.2-1-ga50397a (webtiles) character file.

Game seed: 5650583092879952785

7162 dvd the Cleaver (level 10, -8/91 HPs)
             Began as a Deep Dwarf Gladiator on May 4, 2019.
             Was a High Priest of Makhleb.
             Mangled by an orc warrior
             ... wielding a +0 war axe
              (9 damage)
             ... on level 9 of the Dungeon.
             The game lasted 00:23:44 (6454 turns).

dvd the Cleaver (Deep Dwarf Gladiator)              Turns: 6454, Time: 00:23:44

Health: -8/91      AC: 16    Str: 19    XL:     10   Next: 86%
Magic:  4/4        EV: 11    Int: 10    God:    Makhleb [*****.]
Gold:   331        SH:  0    Dex: 15    Spells: 9/9 levels left

rFire    . . .     SeeInvis +   A - +5 battleaxe
rCold    . . .     Gourm    .   (shield currently unavailable)
rNeg     . . .     Faith    .   k - +0 chain mail
rPois    .         Spirit   .   c - +0 helmet
rElec    .         Reflect  .   v - +0 cloak
rCorr    .         Harm     .   e - +1 pair of gloves
MR       ++...                  (no boots)
Stlth    ..........             (no amulet)
HPRegen  0.00/turn              s - ring of see invisible
MPRegen  0.09/turn              j - ring of protection from magic

@: non-regenerating
A: damage resistance, heal wounds, sense surroundings 2, no regeneration
a: Heal Wounds, Minor Destruction, Lesser Servant of Makhleb, Major Destruction,
Greater Servant of Makhleb, Renounce Religion


You were on level 9 of the Dungeon.
You worshipped Makhleb.
Makhleb was extremely pleased with you.
You were not hungry.

You visited 1 branch of the dungeon, and saw 9 of its levels.

You collected 331 gold pieces.

Inventory:

Hand Weapons
 p - a +0 hand axe of chopping
 q - a +0 flail of protection
 A - a +5 battleaxe (weapon)
 C - the +1 trident "Weaqegij" {elec, MR- Int+7}
   (You found it on level 8 of the Dungeon)

   Occasionally, upon striking a foe, it will discharge some electrical energy
   and cause terrible harm.
   It affects your intelligence (+7).
   It affects your resistance to hostile enchantments.
 D - a +4 quarterstaff of chaos
 E - the cursed +1 dire flail of Distant Worlds {antimagic, *Rage rElec SInv}
   (You took it off an orc wizard on level 7 of the Dungeon)

   It reduces the magical energy of the wielder, and disrupts the spells and
   magical abilities of those hit.
   Natural abilities and divine invocations are not affected.
   It insulates you from electricity.
   It lets you see invisible.
   It may make you go berserk in combat.
   It has a curse placed upon it.
Missiles
 B - 24 bolts
Armour
 c - a +0 helmet (worn)
 e - a +1 pair of gloves (worn)
 k - a +0 chain mail (worn)
 n - a +0 scale mail
 t - a +0 buckler
 v - a +0 cloak (worn)
Jewellery
 b - an uncursed ring of positive energy
 j - a ring of protection from magic (right hand)
 s - a ring of see invisible (left hand)
 w - an uncursed ring of fire
Wands
 g - a wand of random effects (13)
 l - a wand of polymorph (7)
 F - a wand of iceblast (6)
Scrolls
 h - 3 scrolls of remove curse
 m - 10 scrolls of identify
 o - a scroll of amnesia
 x - a scroll of teleportation
 y - a scroll of fear
Potions
 d - a potion of resistance
 i - a potion of heal wounds
 r - 3 potions of curing
 u - 2 potions of brilliance
 z - a potion of flight
Comestibles
 a - 11 chunks of flesh
 f - 15 rations


   Skills:
 + Level 6.2 Fighting
 + Level 12.4 Axes
 + Level 1.1(7.5) Maces & Flails
 + Level 2.0 Throwing
 * Level 10.0 Armour
 + Level 5.8 Dodging
 + Level 0.5 Stealth
 + Level 1.8 Shields


You had 9 spell levels left.
You didn't know any spells.
Your spell library contained the following spells:

 Spells                   Type           Power        Failure   Level  Hunger
 Beastly Appendage        Tmut           #.....       96%         1    ##.....
 Sticks to Snakes         Tmut           #.......     99%         2    ###....
 Spider Form              Tmut/Pois      #.........   100%        3    ####...
 Ice Form                 Ice/Tmut       #.......     100%        4    #####..
 Blade Hands              Tmut           #.........   100%        5    ######.


Dungeon Overview and Level Annotations

Branches:
Dungeon (9/15)             Temple (0/1) D:7
   Lair: D:8-11         Orc: D:9-12

Altars:
Ashenzari
Gozag
Kikubaaqudgha
Makhleb
Nemelex Xobeh
Okawaru
Ru
Sif Muna
Trog
The Shining One

Shops:
D:6 *   D:7 *


Innate Abilities, Weirdness & Mutations

You are resistant to damage.
You can heal yourself by infusing magical energy.
You passively map the area around you.
You do not regenerate.


Message History

You hit the orc knight but do no damage.
The orc knight barely misses you.
Some of the chunks of flesh in your inventory have rotted away.
You closely miss the orc knight.
The orc knight is severely wounded.
You barely miss the orc warrior. The orc warrior completely misses you.
The orc barely misses you.
Unknown command.
You slash the orc knight!
The orc knight is almost dead.
You hit the orc warrior but do no damage.
The orc knight barely misses you.
The orc warrior hits you with a +0 war axe!!
* * * LOW HITPOINT WARNING * * *
The orc hits you from afar with a +0 trident.
You fail to use your ability.
The orc knight hits you with a +3 great mace.
* * * LOW HITPOINT WARNING * * *
The orc warrior hits you with a +0 war axe!
You die...

.................................
...≈≈≈≈≈≈≈≈≈≈≈≈≈≈≈≈≈≈≈....≈≈≈≈≈≈≈
...≈≈≈≈≈≈≈≈≈≈≈≈≈≈≈≈≈≈≈....≈≈≈≈≈≈≈
...≈≈#####≈≈≈≈≈≈≈≈≈≈≈≈....≈≈≈≈≈≈≈
...≈≈#.o.#.......................
..P≈≈#,..# ###########''''#######
...≈≈###+# #.......#....#......
...≈≈≈.# #.)o...†#....#......
...≈≈≈.# #)o@...)'...))......
...≈≈≈.# #o##################
P..≈≈≈.# #.o * , , , ...≈≈≈.# ,


,#ooo , , , ,, , ...≈≈≈.# ** #o..$ ,,≈ , , ...≈≈≈.# * .o.... ,,, , ...≈≈≈.# ,
,.###### , ,* * * ...≈≈###'# . , , , , ...≈≈#...######################## You
could see an orc knight, an orc warrior and an orc.

Vanquished Creatures
  A two-headed ogre (D:9)
  Pikel (D:7)
  A troll (D:9)
  3 hippogriffs (D:7)
  A wyvern (D:8)
  13 wargs (D:9)
  3 slaves (D:7)
  A black bear (D:8)
  7 orc warriors
  A phantom (D:7)
  A sky beast (D:5)
  6 ogres
  A centaur (D:6)
  3 bullfrogs
  A big kobold (D:8)
  A scorpion (D:8)
  4 killer bees (D:9)
  A howler monkey (D:4)
  3 wights (D:7)
  6 crimson imps
  3 hounds
  2 jellies
  11 orc wizards
  Crazy Yiuf (D:7)
  5 orc priests
  A gnoll shaman (D:9)
  An iguana (D:9)
  Terence (D:3)
  3 worker ants
  A killer bee zombie (D:6)
  A hound skeleton (D:5)
  A howler monkey zombie (D:7)
  15 gnolls
  11 adders
  2 oozes
  5 adder skeletons
  A worm (D:4)
  3 dart slugs
  8 leopard geckos
  40 orcs
  6 giant cockroaches
  9 goblins
  4 hobgoblins
  13 jackals
  10 kobolds
  5 quokkas
  2 ball pythons
  16 bats
  7 frilled lizards
  2 leopard gecko skeletons (D:4)
  6 rats
  2 plants (D:1)
257 creatures vanquished.

Vanquished Creatures (others)
  A phantom (D:7)
  5 toadstools (D:1)
6 creatures vanquished.

Grand Total: 263 creatures vanquished

Notes
Turn   | Place    | Note
-------+----------+-------------------------------------------
     0 | D:1      | dvd the Deep Dwarf Gladiator began the quest for the Orb.
     0 | D:1      | Reached XP level 1. HP: 19/19 MP: 1/1
   161 | D:1      | Reached XP level 2. HP: 23/26 MP: 2/2
   261 | D:1      | Reached skill level 4 in Axes
   442 | D:1      | Reached XP level 3. HP: 27/32 MP: 3/3
   874 | D:2      | Found a burning altar of Makhleb.
   882 | D:2      | Became a worshipper of Makhleb the Destroyer
   932 | D:2      | Found a faded altar of an unknown god.
  1025 | D:2      | Found a shattered altar of Ashenzari.
  1031 | D:2      | Reached skill level 1 in Armour
  1075 | D:2      | Reached XP level 4. HP: 30/39 MP: 4/4
  1555 | D:3      | Reached skill level 5 in Axes
  1555 | D:3      | Reached XP level 5. HP: 28/45 MP: 5/5
  1610 | D:3      | Reached * piety under Makhleb
  2178 | D:3      | Noticed Terence
  2192 | D:3      | Killed Terence
  2289 | D:4      | Reached XP level 6. HP: 18/52 MP: 6/6
  2403 | D:4      | Reached skill level 6 in Axes
  2566 | D:4      | Found a glowing golden altar of the Shining One.
  2603 | D:4      | Reached ** piety under Makhleb
  2678 | D:4      | Reached XP level 7. HP: 55/61 MP: 5/5
  2983 | D:4      | Found an iron altar of Okawaru.
  3028 | D:5      | Entered Level 5 of the Dungeon
  3203 | D:5      | Found a bloodstained altar of Trog.
  3249 | D:5      | Reached skill level 7 in Axes
  3249 | D:5      | Reached skill level 1 in Maces & Flails
  3253 | D:5      | Reached skill level 5 in Armour
  3394 | D:5      | Found a glowing drain.
  3717 | D:6      | Found Qyut's General Store.
  3795 | D:6      | Reached XP level 8. HP: 63/72 MP: 6/6
  3883 | D:6      | Reached *** piety under Makhleb
  4130 | D:6      | Reached skill level 8 in Axes
  4247 | D:6      | Found a deep blue altar of Sif Muna.
  4261 | D:6      | Found an ancient bone altar of Kikubaaqudgha.
  4523 | D:7      | Noticed a hippogriff
  4541 | D:7      | Killed a hippogriff
  4541 | D:7      | Reached skill level 1 in Shields
  4691 | D:7      | Found Raficsai's Assorted Antiques.
  4727 | D:7      | Noticed a hippogriff
  4734 | D:7      | Killed a hippogriff
  4734 | D:7      | Gained mutation: You passively map the area around you.
                  | [Deep Dwarf growth]
  4734 | D:7      | Reached XP level 9. HP: 67/79 MP: 7/7
  4783 | D:7      | Noticed Pikel
  4794 | D:7      | Killed Pikel
  4794 | D:7      | Reached skill level 9 in Axes
  4794 | D:7      | Reached skill level 5 in Dodging
  4812 | D:7      | Found a runed translucent door.
  4813 | D:7      | Noticed Crazy Yiuf
  4819 | D:7      | Killed Crazy Yiuf
  4900 | D:7      | Identified the cursed +1 dire flail of Distant Worlds
                  | {antimagic, *Rage rElec SInv}
  4902 | D:7      | Found a staircase to the Ecumenical Temple.
  4934 | D:7      | Reached skill level 10 in Axes
  5194 | D:7      | Found a sacrificial altar of Ru.
  5308 | D:8      | Reached skill level 5 in Fighting
  5350 | D:8      | Reached **** piety under Makhleb
  5486 | D:8      | Got a dazzling trident
  5487 | D:8      | Identified the cursed +1 trident "Weaqegij" {elec, MR-
                  | Int+7} (You found it on level 8 of the Dungeon)
  5807 | D:8      | Reached XP level 10. HP: 78/88 MP: 8/8
  5877 | D:9      | Noticed a two-headed ogre
  5889 | D:9      | Killed a two-headed ogre
  5889 | D:9      | Reached skill level 11 in Axes
  5928 | D:9      | Found a sparkling altar of Nemelex Xobeh.
  5929 | D:9      | Found an opulent altar of Gozag.
  6232 | D:9      | Reached ***** piety under Makhleb
  6236 | D:9      | Reached skill level 12 in Axes
  6429 | D:9      | Noticed an orc knight
  6444 | D:9      | Reached skill level 10 in Armour
  6454 | D:9      | HP: 1/91 [orc knight/+3 great mace (5)]
  6454 | D:9      | Mangled by an orc warrior

Skill      XL: |  1  2  3  4  5  6  7  8  9 10 |
---------------+-------------------------------+-----
Axes           | 4 5 6 7 8 10 12 | 12.4
Fighting       | 2 3 4 5 6 |  6.2
Armour         | 1 2 3 4 5 7 8 10 | 10.0
Throwing       | 2 |  2.0
Dodging        | 4 5 |  5.8
Maces & Flails | 1 |  1.1
Shields        | 1 |  1.8
Stealth        | |  0.5

Action                   |  1- 3 |  4- 6 |  7- 9 | 10-12 || total
-------------------------+-------+-------+-------+-------++-------
Melee: War axe           |   170 |   207 |       |       ||   377
       Flail             |       |    33 |       |       ||    33
       Hand axe          |       |       |   314 |       ||   314
       Battleaxe         |       |       |   118 |   147 ||   265
Throw: Throwing net      |     5 |     2 |       |       ||     7
 Abil: Heal Wounds       |       |     5 |       |     5 ||    10
  Use: Potion            |       |     3 |     5 |     1 ||     9
       Scroll            |       |       |     9 |     1 ||    10
 Stab: Held in net/web   |     1 |       |       |       ||     1
  Eat: Chunk             |     1 |     5 |    12 |     2 ||    20
Armor: Leather armour    |     2 |       |       |       ||     2
       Ring mail         |    43 |    33 |       |       ||    76
       Chain mail        |       |    86 |       |    87 ||   173
       Scale mail        |       |     3 |   215 |     7 ||   225
Dodge: Dodged            |    72 |   131 |   266 |   116 ||   585
Block: Buckler           |       |       |    28 |       ||    28
